 Dungeon Crawl Stone Soup version 0.21-a0-349-g0c35859 (webtiles) character file.

72 vishdafish the Skirmisher (level 4, 0/35 HPs)
             Began as a Demonspawn Fighter on Oct 7, 2017.
             Was an Initiate of Makhleb.
             Slain by Sigmund
             ... wielding a +0 scythe
              (12 damage)
             ... on level 4 of the Dungeon.
             The game lasted 00:03:31 (1909 turns).

vishdafish the Skirmisher (Demonspawn Fighter)      Turns: 1909, Time: 00:03:32

Health: 0/35       AC:  9    Str: 22    XL:     4   Next: 7%
Magic:  4/4        EV:  7    Int: 10    God:    Makhleb [......]
Gold:   160        SH:  9    Dex: 12    Spells: 3/3 levels left

rFire    . . .     SeeInvis .   a - +0 war axe
rCold    . . .     Gourm    .   c - +0 shield
rNeg     . . .     Faith    .   b - +0 scale mail
rPois    .         Spirit   .   (no helmet)
rElec    .         Reflect  .   (no cloak)
rCorr    .         Harm     .   m - +0 pair of gloves
MR       .....                  (no boots)
Stlth    ..........             (no amulet)
HPRegen  0.11/turn              (no ring)
MPRegen  0.09/turn              (no ring)

@: mighty
A: yellow scales 1
a: Renounce Religion


You were on level 4 of the Dungeon.
You worshipped Makhleb.
Makhleb was noncommittal.
You were not hungry.

You visited 1 branch of the dungeon, and saw 4 of its levels.

You collected 160 gold pieces.

Inventory:

Hand Weapons
 a - a +0 war axe (weapon)
Missiles
 q - a throwing net (quivered)
Armour
 b - a +0 scale mail (worn)
 c - a +0 shield (worn)
 m - a +0 pair of gloves (worn)
Scrolls
 e - 2 scrolls of magic mapping {unknown}
 g - 2 scrolls of remove curse {unknown}
 h - 3 scrolls of teleportation {unknown}
 o - 3 scrolls of identify {unknown}
 p - a scroll of random uselessness {unknown}
 s - a scroll of recharging {unknown}
 t - a scroll of enchant armour {unknown}
 u - a scroll of blinking {unknown}
 v - a scroll of enchant weapon {unknown}
 w - a scroll of fog {unknown}
Potions
 j - 2 potions of mutation {unknown}
 k - a potion of flight {unknown}
 l - 4 potions of curing
 n - 2 potions of haste {unknown}
Comestibles
 f - a bread ration
 i - a royal jelly
 r - 26 fruits


   Skills:
 + Level 3.2 Fighting
 + Level 2.6 Axes
 + Level 3.0 Armour
 + Level 0.4 Dodging
 + Level 3.2 Shields
 * Level 1.2 Invocations


You had 3 spell levels left.
You didn't know any spells.

Dungeon Overview and Level Annotations

Branches:
Dungeon (4/15)
 Temple: D:4-7

Altars:
Elyvilon
Hepliaklqana
Makhleb

Annotations:
D:4 Sigmund


Innate Abilities, Weirdness & Mutations

You are partially covered in yellow scales. (AC +2)


Message History

A magic dart appears from out of thin air!
The magic dart hits you!
You miss something.
The orc throws a silver tomahawk.
The silver tomahawk hits you but does no damage.
The silver sears you! Something hits you.
Your shield and scale mail prevent you from hitting something.
Something hits you.
You closely miss something.
The orc throws a silver tomahawk.
You block the silver tomahawk. Something hits you but does no damage.
You miss something.
You hear some strange, mumbled words.
A magic dart appears from out of thin air!
The magic dart hits you!
You hear some strange, mumbled words.
A puff of flame appears from out of thin air!
The puff of flame hits you!
* * * LOW HITPOINT WARNING * * *
It was a potion of curing.
You feel better. You block something's attack.
You slash something! Something hits you!
You die... ..$...... #...... ....... ###########.#### ..... #...........# # ooo

#.###########
# #o# #.# #
#@# #####.# #
#.# #...#.# #
#.# #.#.#.#
#.#####o#@#.#
#......o{.#.#
#######o###.#
#.....#
#######


You could see 2 orcs.

Vanquished Creatures
  2 dart slugs (D:1)
  A worm (D:3)
  A leopard gecko (D:1)
  2 orcs
  6 giant cockroaches
  9 goblins
  8 hobgoblins
  7 jackals
  A quokka (D:2)
  7 frilled lizards
  8 kobolds
  4 rats
56 creatures vanquished.

Notes
Turn   | Place    | Note
-------+----------+-------------------------------------------
     0 | D:1      | vishdafish the Demonspawn Fighter began the quest for the Orb.
     0 | D:1      | Reached XP level 1. HP: 18/18 MP: 1/1
   129 | D:1      | Gained mutation: You are partially covered in yellow scales. (AC +2) [demonic ancestry]
   129 | D:1      | Reached XP level 2. HP: 24/24 MP: 2/2
   500 | D:1      | Reached XP level 3. HP: 22/29 MP: 3/3
   675 | D:2      | Found a burning altar of Makhleb.
   689 | D:2      | Became a worshipper of Makhleb the Destroyer
  1313 | D:3      | Reached skill level 1 in Invocations
  1477 | D:3      | Found a hazy altar of Hepliaklqana.
  1490 | D:3      | Reached XP level 4. HP: 34/35 MP: 4/4
  1669 | D:3      | Found a white marble altar of Elyvilon.
  1881 | D:4      | Noticed Sigmund
  1909 | D:4      | Slain by Sigmund

Vault maps used:
D:1:      tarquinn_simple_flora_water_b
D:2:      nicolae_overflow_crystal_walls, first_bread, dk_vineyard_1
D:3:      lemuel_coloured_pillars_altar, elyvilon_altar_1
D:4:      nicolae_ru_the_path_less_chosen, grunt_tough_drop, uniq_sigmund

Skill      XL: |  1  2  3 |
---------------+----------+-----
Axes           | 2 |  2.6
Shields        | 3 |  3.2
Armour         | 3 |  3.0
Invocations    | 1 |  1.2
Fighting       | |  3.2
Dodging        | |  0.4

Action                   |  1- 3 |  4- 6 || total
-------------------------+-------+-------++-------
Melee: War axe           |   184 |    13 ||   197
  Use: Potion            |       |     2 ||     2
  Eat: Chunk             |     2 |       ||     2
       Bread ration      |       |     1 ||     1
Armor: Scale mail        |    74 |     5 ||    79
Dodge: Dodged            |    65 |     2 ||    67
Block: Shield            |   103 |     5 ||   108

Table legend:
 A = Spawn XP
 B = Non-spawn XP
 C = Spawn XP percentage of total XP
 D = Spawn monster count
 E = Non-spawn monster count
 F = Spawn count percentage of total count
 G = Total turns spent on level
                    A         B        C        D         E        F      G
               +---------+---------+-------+---------+---------+-------+---------
         Total |       0 |     104 |   0.0 |       0 |      56 |   0.0 |  1909
               +---------+---------+-------+---------+---------+-------+---------
           D:1 |       0 |      49 |   0.0 |       0 |      25 |   0.0 |   652
           D:2 |       0 |      30 |   0.0 |       0 |      19 |   0.0 |   616
           D:3 |       0 |      21 |   0.0 |       0 |      10 |   0.0 |   552
           D:4 |       0 |       4 |   0.0 |       0 |       2 |   0.0 |    89
               +---------+---------+-------+---------+---------+-------+---------
